cohdb
Replays
Latest Replays
All Replays
Popular Replays
Top Player Replays
Match Explorer
How It Works
Community
CoH3 Stats
Reddit
Sign in to upload your games and track your stats! →
Sign in with Steam
Match 28562716
Unlisted
Match 28562716
Overview
Messages
Build Orders
End
Panzergrenadier Squad
Selects Battlefield Espionage Battlegroup
250 Light Carrier
Construct Light Support Kompanie
Combat Half-tracks
Fire Support Elements
Selects 250/3 Funkpanzerwagen
Construct Panzerarmee Kommand
Veteran Squad Leaders
Vehicle Survival Package
Pak 38 Mechanized Group
Rapid Advance
Panzer III L Medium Tank
Tungsten Core Ammunition
Panzer III L Medium Tank
Emergency Repair Kits
Selects Anti-Tank Incendiary Munitions
Panzerpioneer Squad
Advanced Optics
AI Takeover
请打死我吧
iAinEng
Akaxiya
Zigouigoui
Potemps66
Green Rain
qazxde3
paungchain.hmo
0
0
Comments
sign in to comment!
No comments posted yet!